 Dungeon Crawl Stone Soup version 0.25.1-3-ge44b62a0b3 (webtiles) character file.

Game seed: 7345100495269904295

49 BledDest the Skirmisher (level 3, 0/29 HPs)
             Began as a Demonspawn Artificer on Nov 20, 2020.
             Slain by a gnoll
             ... wielding a +0 spear
              (4 damage)
             ... on level 2 of the Dungeon.
             The game lasted 00:02:19 (1437 turns).

BledDest the Skirmisher (Demonspawn Artificer)      Turns: 1437, Time: 00:02:19

Health: 0/29       AC:  4    Str: 13    XL:     3   Next: 51%
Magic:  5/5        EV: 12    Int: 12    God:
Gold:   59         SH:  0    Dex: 13    Spells: 2/2 levels left

rFire    . . .     SeeInvis .   a - +0 short sword
rCold    . . .     Gourm    .   (no shield)
rNeg     . . .     Faith    .   b - +0 leather armour
rPois    .         Spirit   .   (no helmet)
rElec    .         Reflect  .   m - +0 cloak
rCorr    .         Harm     .   (no gloves)
MR       .....                  (no boots)
Stlth    +.........             (no amulet)
HPRegen  0.09/turn              (no ring)
MPRegen  0.09/turn              (no ring)

@: no status effects
A: talons 1, spiny 1
a: no special abilities


You were on level 2 of the Dungeon.
You were hungry.

You visited 1 branch of the dungeon, and saw 2 of its levels.

You collected 59 gold pieces.

Inventory:

Hand Weapons
 a - a +0 short sword (weapon)
 l - a +0 hunting sling
Missiles
 h - 13 poisoned darts (quivered)
 i - 43 stones
 o - 2 silver boomerangs
Armour
 b - a +0 leather armour (worn)
 m - a +0 cloak (worn)
Wands
 c - a wand of flame (15)
 d - a wand of enslavement (15)
 e - a wand of random effects (15)
Scrolls
 j - a scroll of remove curse {unknown}
 k - a scroll of identify {unknown}
 p - 6 scrolls of teleportation {unknown}
 r - a scroll of blinking {unknown}
Potions
 g - a potion of might {unknown}
 n - a potion of stabbing {unknown}
Comestibles
 f - 3 rations
 q - a chunk of flesh


   Skills:
 + Level 3.5 Fighting
 - Level 0.8 Short Blades
 - Level 1.7 Dodging
 - Level 0.8 Stealth
 - Level 3.0 Evocations


You had 2 spell levels left.
You didn't know any spells.
Your spell library was empty.

Dungeon Overview and Level Annotations

Branches:
Dungeon (2/15)

Altars:

Annotations:
D:2 Sigmund


Innate Abilities, Weirdness & Mutations

You have sharp toenails.
You are partially covered in sharp spines.


Message History

The gnoll hits you from afar with a +0 spear!
Throwing (i - inventory. (/) - cycle)
h - 14 poisoned darts (quivered)
Press: ? - help, Shift-Dir - straight line, f/p - gnoll
Aim: a gnoll, wielding a +0 spear (moderately wounded, poisoned)
You throw a poisoned dart. The poisoned dart hits the gnoll.
The gnoll is moderately wounded.
The gnoll is struck by your spines. The gnoll closely misses you.
The gnoll hits you from afar with a +0 spear.
The gnoll looks more healthy.
You see here a bat skeleton.
The gnoll shouts!
Sigmund the Dreaded comes into view.
He is wielding a +0 scythe.
Sigmund shouts!
Sigmund casts a spell at you. The puff of flame hits you.
The gnoll hits you with a +0 flail.
* * * LOW HITPOINT WARNING * * *
The gnoll hits you from afar with a +0 halberd!
* * * LOW HITPOINT WARNING * * *
The gnoll hits you from afar with a +0 spear.
You die...

####.......# ###.###.#
#######.#.#...# ###.......#.#.###
.......##.#.#.#.####
.##.#..÷..#.#.#....######.#
.##.#..#......g.g..@.......
.##.#g.#..#.#.#.##g######.#
.##.#..#..#.#.#.@..#
.##.#..#.g#.....#######
.##.#..g...............
.##.#.(.#..##.#..######
.##.##..#........###
.##.##.##.##...÷...######### ###
.##........................####..
.##..#.##.#....#.#.#.............
.##..#.##>.......................


You could see Sigmund and 2 gnolls.

Vanquished Creatures
  Terence (D:2)
  A gnoll (D:2)
  2 giant cockroaches
  2 goblins (D:1)
  2 hobgoblins
  5 bats
  2 frilled lizards (D:1)
  2 kobolds
  2 rats (D:1)
19 creatures vanquished.

Notes
Turn   | Place    | Note
-------+----------+-------------------------------------------
     0 | D:1      | BledDest the Demonspawn Artificer began the quest for the
                  | Orb.
     0 | D:1      | Reached XP level 1. HP: 15/15 MP: 3/3
   652 | D:1      | Gained mutation: You have sharp toenails. [demonic
                  | ancestry]
   652 | D:1      | Reached XP level 2. HP: 18/22 MP: 4/4
  1138 | D:2      | Noticed Terence
  1149 | D:2      | Killed Terence
  1149 | D:2      | Gained mutation: You are partially covered in sharp spines.
                  | [demonic ancestry]
  1149 | D:2      | Reached XP level 3. HP: 21/29 MP: 5/5
  1432 | D:2      | Noticed Sigmund
  1437 | D:2      | Slain by a gnoll

Illustrated notes

Levels and vault maps discovered:
D:1:      evilmike_arrival_hilbert_curve, layout_basic, serial_bayou,
          serial_bayou_shore_b, serial_bayou_shore_a, serial_bayou_lagoon_a,
          serial_bayou_pond_e, hex_tiny, minmay_misc_feat_iff
D:2:      layout_basic, uniq_sigmund, uniq_terence

Skill      XL: |  1  2 |
---------------+-------+-----
Fighting       | 2 3 |  3.5
Short Blades   | |  0.8
Dodging        | |  1.7
Stealth        | |  0.8
Evocations     | |  3.0

Action                   || total
-------------------------++-------
Melee: Short sword       ||    50
       Kick              ||     3
Throw: Dart              ||    17
  Eat: Chunk             ||     1
Armor: Leather armour    ||    12
Dodge: Dodged            ||    34
